 Dungeon Crawl Stone Soup version 0.28-a0-1518-gbe868bca14 (webtiles) character file.

Game seed: 13214203457332055426

528443 oldriver the Thurifer (level 25, -8/306 HPs)
             Began as a Gnoll Cinder Acolyte on Jan 16, 2022.
             Was a Believer of Ignis.
             Mangled by a golden dragon (13 damage)
             ... on level 1 of the Realm of Zot on Jan 17, 2022.
             The game lasted 04:59:28 (120418 turns).

oldriver the Thurifer (Gnoll Cinder Acolyte)      Turns: 120418, Time: 04:59:28

Health: -8/306     AC: 27    Str: 20    XL:     25   Next: 55%
Magic:  9/53       EV: 17    Int: 23    God:    Ignis [**....]
Gold:   4244       SH: 19    Dex: 11    Spells: 0/58 levels left

rFire   + + .      SeeInvis +   G - +5 scimitar of Might {vorpal, *Rage rCorr MP+9 Stlth+}
rCold   + . .      Faith    .   X - +1 kite shield {AC+3}
rNeg    + + .      Spirit   .   x - +4 troll leather armour
rPois   +          Reflect  +   F - +2 hat {SInv}
rElec   +          Harm     .   V - +2 cloak
rCorr   +          Rampage  +   Y - +2 pair of gloves
Will    +....      Rage     20% h - +2 pair of boots
Stlth   ..........              P - amulet of Megalomania {Reflect Rampage rElec rPois SH+5}
HPRegen 1.41/turn               y - ring "Ampuklotu" {rF+ rN+ Str-2 Int+6}
MPRegen 0.33/turn               b - ring of the Ten Heavens {+Blink rC+ rN+ Dex+3}

@: berserking (expiring), very quick
A: fangs 1, strong nose, distributed training
}: 3/15 runes: serpentine, barnacled, silver
a: Renounce Religion, Evoke Blink, Fiery Armour, Foxfire Swarm


You were on level 1 of the Realm of Zot.
You worshipped Ignis.
Ignis was pleased with you.
You visited 10 branches of the dungeon, and saw 47 of its levels.
You visited the Abyss 1 time.
You visited 1 bazaar.
You also visited: Gauntlet and Desolation.

You collected 8078 gold pieces.
You spent 3834 gold pieces at shops.

Inventory:

Hand Weapons
 G - the +5 scimitar of Might (weapon) {vorpal, *Rage rCorr MP+9 Stlth+}
   (You bought it in a shop on level 2 of the Orcish Mines)

   It inflicts extra damage upon your enemies.
   MP:        It affects your magic capacity (+9).
   *Rage:     It berserks you when you make melee attacks (+20% chance).
   rCorr:     It protects you from acid and corrosion.
   Stlth:     It makes you more stealthy.
Missiles
 e - 69 poisoned darts
 q - 21 silver javelins
 C - 8 curare-tipped darts
 T - 16 atropa-tipped darts
Armour
 h - a +2 pair of boots (worn)
 x - a +4 troll leather armour (worn)
 F - a +2 hat of see invisible (worn)
 V - a +2 cloak (worn)
 X - a +1 kite shield of protection (worn)
 Y - a +2 pair of gloves (worn)
Jewellery
 b - the ring of the Ten Heavens (right hand) {+Blink rC+ rN+ Dex+3}
   (You took it off a deep elf death mage on level 3 of the Elven Halls)

   [ring of protection from cold]

   Dex:       It affects your dexterity (+3).
   rC:        It protects you from cold.
   rN:        It protects you from negative energy.
   +Blink:    It lets you blink.
 y - the ring "Ampuklotu" (left hand) {rF+ rN+ Str-2 Int+6}
   (You bought it in a shop on level 2 of the Orcish Mines)

   [ring of intelligence]

   Str:       It affects your strength (-2).
   Int:       It affects your intelligence (+6).
   rF:        It protects you from fire.
   rN:        It protects you from negative energy.
 P - the amulet of Megalomania (around neck) {Reflect Rampage rElec rPois SH+5}
   (You acquired it on level 14 of the Dungeon)

   [amulet of reflection]

   It reflects blocked missile attacks.
   rElec:     It insulates you from electricity.
   rPois:     It protects you from poison.
   SH:        It affects your SH (+5).
   Rampage:   It bestows one free step when moving towards enemies.
Wands
 c - a wand of acid (15)
 u - a wand of digging (9)
 v - a wand of polymorph (7)
 B - a wand of charming (24)
 E - a wand of iceblast (42)
 J - a wand of mindburst (12)
 O - a wand of paralysis (3)
Scrolls
 f - 4 scrolls of magic mapping
 k - 10 scrolls of fog
 n - a scroll of blinking
 o - 5 scrolls of amnesia
 r - 4 scrolls of summoning
 s - 12 scrolls of fear
 D - 17 scrolls of teleportation
 H - a scroll of silence
 Q - a scroll of holy word
 U - 4 scrolls of immolation
Potions
 a - 9 potions of lignification
 d - 6 potions of magic
 i - 8 potions of might
 j - 6 potions of mutation
 l - 11 potions of flight
 p - 13 potions of attraction
 t - 5 potions of resistance
 w - 16 potions of curing
 A - 6 potions of brilliance
 I - a potion of haste
 S - a potion of cancellation
 W - 2 potions of ambrosia
Miscellaneous
 z - a box of beasts
 N - a condenser vane
 R - a tin of tremorstones (2/2)
 Z - a lightning rod (4/4)


   Skills:
 + Level 18.1 Fighting
 + Level 17.0 Short Blades
 + Level 17.0 Long Blades
 + Level 18.1 Axes
 + Level 17.0 Maces & Flails
 + Level 17.0 Polearms
 + Level 17.0 Staves
 + Level 17.0 Slings
 + Level 17.0 Bows
 + Level 17.0 Crossbows
 + Level 17.0 Throwing
 + Level 17.0 Armour
 + Level 17.0 Dodging
 + Level 17.0 Stealth
 + Level 17.0 Shields
 + Level 17.0 Unarmed Combat
 + Level 17.3 Spellcasting
 + Level 14.5 Conjurations
 + Level 14.5 Hexes
 + Level 14.5 Summonings
 + Level 14.5 Necromancy
 + Level 14.5 Translocations
 + Level 14.5 Transmutations
 + Level 15.4 Fire Magic
 + Level 14.5 Ice Magic
 + Level 14.5 Air Magic
 + Level 14.5 Earth Magic
 + Level 14.5 Poison Magic
 + Level 18.5 Invocations
 + Level 17.0 Evocations


You couldn't memorise any spells.
You knew the following spells:

 Your Spells              Type           Power      Damage    Failure   Level
a - Iskenderun's Battles  Conj           72%        2d12      1%          5
b - Passwall              Tmut/Erth      60%        N/A       1%          2
c - Iskenderun's Mystic   Conj/Tloc      72%        2d15      1%          4
d - Stone Arrow           Conj/Erth      100%       3d13      1%          3
e - Sublimation of Blood  Necr           72%        N/A       1%          2
f - Freezing Cloud        Conj/Ice/Air   36%        6-21      1%          5
g - Spellforged Servitor  Conj/Summ      36%        N/A       11%         7
h - Mephitic Cloud        Conj/Pois/Air  72%        N/A       1%          3
i - Airstrike             Air            36%        N/A       1%          4
j - Swiftness             Air            72%        N/A       1%          3
k - Iron Shot             Conj/Erth      36%        9d7       1%          6
l - Summon Lightning Spi  Summ/Air       72%        N/A       1%          4
o - Fireball              Conj/Fire      36%        3d15      1%          5
y - Yara's Violent Unrav  Hex/Tmut       36%        3d15      1%          5

Your spell library contained the following spells:

 Spells                   Type           Power      Damage    Failure   Level
 Animate Skeleton         Necr           100%       N/A       0%          1
 Apportation              Tloc           100%       N/A       0%          1
 Beastly Appendage        Tmut           100%       N/A       0%          1
 Freeze                   Ice            100%       1d11      0%          1
 Pain                     Necr           100%       1d9       0%          1
 Sandblast                Erth           100%       2d20      0%          1
 Shock                    Conj/Air       100%       1d9       0%          1
 Sting                    Tmut/Pois      100%       1d8       0%          1
 Summon Small Mammal      Summ           100%       N/A       0%          1
 Scorch                   Fire           100%       2d10      0%          2
 Blink                    Tloc           100%       N/A       1%          2
 Call Imp                 Summ           72%        N/A       1%          2
 Ensorcelled Hibernation  Hex/Ice        100%       N/A       1%          2
 Poisonous Vapours        Pois/Air       100%       N/A       1%          2
 Searing Ray              Conj           100%       2d8       1%          2
 Static Discharge         Conj/Air       72%        N/A       1%          2
 Wereblood                Tmut           72%        N/A       1%          2
 Dazzling Flash           Conj/Hex       100%       N/A       1%          3
 Frozen Ramparts          Ice            100%       1d12      1%          3
 Ignite Poison            Fire/Tmut/Pois 73%        N/A       1%          3
 Inner Flame              Hex/Fire       73%        N/A       1%          3
 Spider Form              Tmut/Pois      72%        N/A       1%          3
 Summon Guardian Golem    Hex/Summ       72%        N/A       1%          3
 Tukima's Dance           Hex            72%        N/A       1%          3
 Animate Armour           Summ/Erth      100%       N/A       1%          4
 Animate Dead             Necr           36%        N/A       1%          4
 Cause Fear               Hex            36%        N/A       1%          4
 Dispel Undead            Necr           72%        3d24      1%          4
 Hailstorm                Conj/Ice       72%        3d15      1%          4
 Olgreb's Toxic Radiance  Pois           72%        N/A       1%          4
 Passage of Golubria      Tloc           72%        N/A       1%          4
 Summon Ice Beast         Ice/Summ       72%        N/A       1%          4
 Agony                    Necr           72%        N/A       1%          5
 Excruciating Wounds      Necr           36%        N/A       1%          5
 Lightning Bolt           Conj/Air       36%        1d54      1%          5
 Manifold Assault         Tloc           72%        N/A       1%          5
 Metabolic Englaciation   Hex/Ice        36%        N/A       1%          5
 Silence                  Hex/Air        36%        N/A       1%          5
 Dispersal                Tloc           36%        N/A       1%          6
 Eringya's Noxious Bog    Tmut/Pois      36%        N/A       1%          6
 Simulacrum               Ice/Necr       36%        N/A       1%          6
 Starburst                Conj/Fire      36%        6d11      1%          6
 Malign Gateway           Summ/Tloc      36%        N/A       11%         7
 Storm Form               Tmut/Air       36%        N/A       11%         7
 Summon Hydra             Summ           36%        N/A       11%         7
 Borgnjor's Revivificati  Necr           36%        N/A       63%         8
 Discord                  Hex            36%        N/A       63%         8
 Disjunction              Tloc           36%        N/A       63%         8
 Lehudib's Crystal Spear  Conj/Erth      36%        10d9      63%         8
 Maxwell's Capacitive Co  Air            36%        ∞         63%         8
 Necromutation            Tmut/Necr      36%        N/A       63%         8
 Summon Horrible Things   Summ           36%        N/A       63%         8
 Death's Door             Necr           36%        N/A       100%        9
 Dragon's Call            Summ           36%        N/A       100%        9
 Polar Vortex             Ice            36%        N/A       100%        9


Dungeon Overview and Level Annotations

Branches:
Dungeon (15/15)            Temple (0/1) D:6            Lair (6/6) D:11
 Shoals (4/4) Lair:4        Snake (4/4) Lair:4        Slime (0/5) Lair:6
    Orc (2/2) D:11            Elf (3/3) Orc:2        Vaults (5/5) D:14
  Crypt (3/3) Vaults:3       Tomb (0/3) Crypt:3      Depths (4/4) D:15
    Zot (1/5) Depths:4    Desolation (visited)      Gauntlet (visited)

Altars:
Ashenzari
Dithmenos
Fedhas
Gozag
Hepliaklqana
Kikubaaqudgha
Makhleb
Nemelex Xobeh
Sif Muna
Uskayaw
Vehumet
Xom
The Shining One
Jiyva

Shops:
D:1 =*   D:3 [   D:5 *   D:6 ?   D:13 [   D:14 :   Orc:2 (((*   Elf:2 :
Elf:3 :   Shoals:1 (   Shoals:3 *   Snake:1 [*   Depths:2 [:==   Depths:3 :*!:

Portals:
Hell: Depths:1 Depths:2 Depths:3 Depths:4
Abyss: Depths:3 Depths:4
Pandemonium: Depths:2
Ziggurat: Depths:1

Annotations:
D:12 3 runed translucent doors, bjtr's ghost, journeyman OgFE
D:13 exclusion: statue
Shoals:1 1 runed translucent door
Elf:2 3 runed translucent doors


Innate Abilities, Weirdness & Mutations

You have very sharp teeth.
Your uncanny sense of smell can sniff out nearby items.
Your experience applies equally to all skills.


Message History

The storm dragon completely misses you.
The moth of wrath goads the yellow draconian on!
The yellow draconian goes berserk!
You block the yellow draconian's attack.
You slash the yellow draconian!
The yellow draconian is heavily wounded.
You cut the yellow draconian into ribbons!!!
The yellow draconian is almost dead.
The yellow draconian hits you but does no damage.
The white draconian stormcaller mumbles some strange prayers to Qazlal against you.
Qazlal smites you!
* * * LOW HITPOINT WARNING * * *
You block the storm dragon's attack.
The storm dragon claws you but does no damage.
You block the storm dragon's attack.
You slash the yellow draconian!
The yellow draconian is almost dead.
The yellow draconian barely misses you.
Unknown command.
You completely miss the yellow draconian.
The yellow draconian is almost dead.
You block the storm dragon's attack. x2
The storm dragon tramples you but does no damage.
The yellow draconian hits you with a +0 long sword!!
* * * LOW HITPOINT WARNING * * *
Unknown command.
You hit the yellow draconian.
You kill the yellow draconian!
You block the storm dragon's attack. x2
The storm dragon tramples you but does no damage.
Unknown command.
You slice the storm dragon!!
You bite the storm dragon, but do no damage.
The storm dragon is heavily wounded.
The moth of wrath goads the purple draconian on!
The purple draconian goes berserk!
The moth of wrath goads the golden dragon on!
The golden dragon goes berserk!
You block the golden dragon's attack. The golden dragon claws you!
You die...

########## ##### #...##@Dq#
#...# #....#dDq# ##...#
#....#.y.# #....#
..########...#...#########....#
...dq......q..........!)......)
q.q./d......d.......)..[.......
...................###.)[..####
../######...##.....# #.....# ##
#...##.....# #.....#


You could see a golden dragon (berserk), a storm dragon, a purple draconian
(berserk), a white draconian stormcaller, a red draconian scorcher and a moth of
wrath.

Vanquished Creatures
  2 dread liches (Vaults:5)
  An ancient lich (Vaults:5)
  A juggernaut (Depths:3)
  Boris (Depths:4)
  Bai Suzhen (Elf:3)
  Xtahua (Vaults:5)
  Margery (Crypt:2)
  2 golden dragons
  A bone dragon (Depths:4)
  A hellephant (Depths:2)
  An electric golem (Zot:1)
  A shard shrike zombie (Crypt:1)
  Rupert (D:14)
  8 tentacled monstrosities
  5 quicksilver dragons
  3 liches
  2 deep elf master archers (Elf:3)
  3 titans (Vaults:5)
  2 walking frostbound tomes
  A deep elf blademaster (Elf:3)
  A death cob (Zot:1)
  3 ancient champions
  2 tentacled starspawn (Abyss:2)
  4 sphinxes
  Gastronok (D:8)
  10 shadow dragons
  Ilsuiw (Shoals:3)
  2 revenants
  A storm dragon (Depths:4)
  3 tengu reavers (Vaults:5)
  A fire giant (Vaults:5)
  3 draconian scorchers
  2 draconian knights
  8 deep elf sorcerers
  4 nagarajas
  Aizul (Vaults:1)
  An orc warlord (Vaults:2)
  6 frost giants
  An imperial myrmidon (Desolation)
  An iron dragon (Depths:2)
  A juggernaut zombie (Depths:1)
  3 deep elf elementalists (Elf:3)
  9 vault wardens
  2 curse skulls (Crypt:2)
  5 war gargoyles
  A juggernaut skeleton (Crypt:3)
  2 ironbound thunderhulks
  15 very ugly things
  3 draconian stormcallers
  A caustic shrike skeleton (Crypt:3)
  13 ironbound preservers
  10 stone giants
  5 ghouls
  A reaper (Crypt:3)
  The ghost of Osanutie the Severer, a journeyman MiBe of Trog (D:14)
  A black draconian (Zot:1)
  5 vampire knights
  3 green draconians
  Nessos (D:12)
  9 deep elf demonologists
  6 deep elf annihilators
  An entropy weaver (Vaults:1)
  5 purple draconians
  2 yellow draconians (Zot:1)
  10 spark wasps
  12 dire elephants
  The ghost of Nilerium the Severer, a journeyman MiBe of Trog (Elf:2)
  A red draconian (Zot:1)
  A white draconian (Zot:1)
  4 minotaurs
  6 ettins
  3 deep elf death magi
  4 merfolk javelineers
  The ghost of oldriver the Carver, a journeyman GnCA of Ignis (Lair:2)
  Josephine (D:11)
  9 eidola
  2 blizzard demons
  2 merfolk impalers (Shoals:4)
  11 yaktaur captains
  A crystal guardian (Vaults:4)
  8 deep elf high priests
  9 naga warriors
  4 great orbs of eyes
  A hell beast (Gauntlet)
  4 spriggan zombies
  A mummy priest (Crypt:3)
  4 hydras
  6 ice dragons
  5 fire dragons
  A caustic shrike simulacrum (Depths:1)
  2 rakshasas
  5 boulder beetles
  3 ogre magi (Vaults:5)
  3 merfolk avatars
  2 spriggan air magi (Depths:2)
  28 vault guards
  3 peacekeepers
  2 death knights
  2 spriggan skeletons
  An anaconda (shapeshifter) (Vaults:5)
  Erica (Orc:1)
  8 ironbound frosthearts
  6 centaur warriors
  11 two-headed ogres
  8 anacondas
  8 satyrs
  2 merfolk aquamancers (Shoals:2)
  8 tengu warriors
  6 vampire magi
  10 dancing weapons
  4 deep troll earth magi
  3 death yaks (Lair:6)
  5 hell hogs (Depths:2)
  A shock serpent (shapeshifter) (Depths:3)
  Urug (D:14)
  3 spriggan berserkers
  7 deep elf knights
  5 soul eaters
  3 hell knights
  8 naga sharpshooters
  4 orc high priests (Orc:2)
  6 shock serpents
  4 iron trolls
  2 wretched stars (Abyss:2)
  A bunyip zombie (Crypt:3)
  A salamander mystic (Snake:2)
  30 deep trolls
  A shadow wraith (Vaults:5)
  5 skeletal warriors
  A deep troll (shapeshifter) (Vaults:5)
  A golden dragon zombie (Crypt:1)
  2 anaconda zombies
  A shadow demon (Depths:2)
  A fire crab (Gauntlet)
  11 sea snakes
  A glowing orange brain (shapeshifter) (D:14)
  2 flayed ghosts
  5 naga ritualists
  A swamp dragon (Lair:6)
  An orb spider (Abyss:2)
  7 orc knights
  12 phantasmal warriors
  13 wizards
  A bog body (Crypt:2)
  10 lindwurms
  5 deep elf archers
  2 glowing orange brains
  A harpy (shapeshifter) (Vaults:4)
  16 deep elf pyromancers
  2 bunyip skeletons (Crypt:3)
  11 ironbound convokers
  13 necromancers
  An iron dragon zombie (Crypt:2)
  A golden dragon skeleton (Crypt:3)
  A wolf spider (shapeshifter) (Depths:4)
  4 wolf spiders (Crypt:3)
  A shadow dragon skeleton (Crypt:3)
  5 cyclopes
  4 harpies
  2 stone giant zombies (Crypt:3)
  23 ugly things
  9 deep elf zephyrmancers
  8 mana vipers
  8 orc sorcerers
  11 fauns
  17 manticores
  7 salamanders
  10 naga magi
  8 guardian serpents
  An apocalypse crab (Abyss:2)
  A salamander (shapeshifter) (Vaults:5)
  An ice statue (Gauntlet)
  4 merfolk sirens
  2 smoke demons
  A stone giant skeleton (Depths:1)
  2 moths of wrath (Zot:1)
  3 water nymphs
  9 elephants
  34 black mambas
  10 cane toads
  3 unseen horrors
  12 vault sentinels
  6 rime drakes
  An unseen horror (shapeshifter) (D:14)
  A hellion (Abyss:2)
  An efreet (D:13)
  30 yaktaurs
  A steelbarb worm zombie (Crypt:1)
  4 tengu conjurers
  11 komodo dragons
  8 freezing wraiths
  10 hellwings (Crypt:3)
  3 harpy zombies (Crypt:3)
  3 guardian mummies (Crypt:3)
  23 merfolk
  7 trolls
  A harpy skeleton (Crypt:3)
  3 wind drakes
  6 hornets
  6 raiju (Abyss:2)
  A dream sheep (Lair:6)
  A hydra skeleton (Crypt:3)
  3 saltlings (Desolation)
  22 blink frogs
  An ettin zombie (Crypt:3)
  5 snapping turtles
  11 slime creatures
  5 jumping spiders
  A guardian serpent skeleton (Crypt:1)
  13 water elementals
  10 wraiths
  An air elemental (Elf:2)
  3 spriggans (Depths:3)
  36 yaks
  An ettin skeleton (Crypt:2)
  A yak (shapeshifter) (D:15)
  2 large abominations (Abyss:2)
  3 fire bats (Gauntlet)
  7 basilisks
  3 fire elementals
  2 steam dragons
  11 humans
  2 redbacks (Crypt:3)
  A chaos spawn (Abyss:2)
  A harpy simulacrum (D:10)
  25 nagas
  7 vampire mosquitoes
  A naga zombie (Crypt:3)
  Menkaure (D:7)
  A warg (shapeshifter) (Elf:2)
  6 wargs
  A merfolk zombie (Crypt:1)
  An acid dragon (Lair:6)
  A hell hound (Gauntlet)
  11 water moccasins
  18 orc warriors
  A floating eye (Depths:2)
  A deep troll skeleton (Crypt:2)
  6 sky beasts
  A snapping turtle zombie (Crypt:2)
  A swamp drake (Lair:6)
  4 black bears
  2 ice beasts (D:7)
  2 necrophages
  8 boggarts (Vaults:3)
  2 wolves
  A torpor snail zombie (Crypt:2)
  5 ogres
  2 phantoms
  15 centaurs
  An elephant skeleton (Crypt:1)
  14 bullfrogs
  2 gnoll sergeants (D:7)
  4 kobold brigands
  3 scorpions
  4 earth elementals
  A cyclops zombie (Crypt:1)
  2 small abominations (Abyss:2)
  10 wyvern skeletons (Crypt:3)
  5 wights
  3 howler monkeys
  A jelly (D:4)
  13 crimson imps
  9 electric eels
  5 centaur zombies
  A bullfrog zombie (D:5)
  10 hounds
  6 orc priests
  4 centaur skeletons
  2 gnoll shamans (D:7)
  5 iguanas
  An iron imp (Abyss:2)
  Natasha (thrice) (D:3)
  22 orc wizards
  8 hell rats
  2 killer bee zombies
  A mummy (D:14)
  2 howler monkey zombies (D:9)
  10 adders
  2 howler monkey skeletons (D:7)
  3 shadow imps
  A white imp (D:7)
  3 ufetubi (Abyss:2)
  An adder skeleton (D:4)
  A worm (D:3)
  4 dart slugs
  35 orcs
  7 ball pythons
  5 bats
  6 endoplasms
  4 giant cockroaches
  5 goblins
  6 hobgoblins
  7 jackals
  23 kobolds
  2 quokkas
  A frilled lizard (D:2)
  4 goblin skeletons (D:3)
  2 hobgoblin zombies (D:3)
  2 kobold skeletons (D:3)
  A kobold zombie (D:3)
  An orc skeleton (D:3)
  2 orc zombies (D:3)
  4 rats
  A spectral kobold (D:7)
  2 butterflies
1533 creatures vanquished.

Vanquished Creatures (collateral kills)
  An orb of fire (Zot:1)
  Mara (Depths:1)
  Vashnia (Snake:4)
  A caustic shrike (Depths:3)
  A golden dragon (Depths:3)
  2 hellephants
  A lich (Depths:1)
  2 quicksilver dragons
  2 tentacled starspawn (Abyss:2)
  2 sphinxes
  2 shadow dragons
  3 nagarajas (Snake:4)
  A revenant (Crypt:1)
  A fire giant (Depths:4)
  A draconian scorcher (Zot:1)
  A deep elf sorcerer (Elf:3)
  Louise (Snake:4)
  A draconian shifter (Zot:1)
  5 vault wardens
  2 deep elf elementalists (Elf:3)
  3 draconian annihilators (Zot:1)
  A ghoul (D:14)
  4 ironbound preservers
  A green draconian (Zot:1)
  A deep elf demonologist (Elf:3)
  A very ugly thing (Depths:2)
  A reaper (Crypt:3)
  3 stone giants
  A caustic shrike skeleton (Depths:1)
  4 dire elephants
  2 purple draconians
  2 yellow draconians
  A red draconian (Zot:1)
  2 ettins
  2 merfolk javelineers
  3 eidola
  A merfolk impaler (Shoals:1)
  3 fire dragons
  3 deep elf death magi (Elf:3)
  A jiangshi (Crypt:1)
  A yaktaur captain (Vaults:5)
  3 great orbs of eyes
  An ice dragon (Depths:1)
  2 deep elf high priests (Elf:3)
  2 vault guards
  5 naga warriors
  A salamander tyrant (Snake:4)
  2 hydras
  A catoblepas (Lair:6)
  An ironbound frostheart (Vaults:4)
  2 spriggan skeletons
  An ogre mage (Vaults:5)
  3 boulder beetles
  4 anacondas
  2 merfolk aquamancers (Shoals:2)
  A deep troll shaman (Depths:2)
  2 two-headed ogres (Vaults:5)
  A satyr (Shoals:2)
  A deep troll earth mage (Depths:1)
  A vampire mage (Crypt:2)
  A hell knight (Depths:2)
  A naga sharpshooter (Snake:4)
  A spriggan berserker (Depths:2)
  A deep elf knight (Elf:3)
  A salamander mystic (Snake:4)
  A wretched star (Abyss:2)
  2 skeletal warriors (Crypt:1)
  9 deep trolls
  A sea snake (Shoals:4)
  3 deep elf archers
  2 wizards
  A tengu zombie (Crypt:3)
  A phantasmal warrior (Vaults:5)
  2 harpies
  2 lindwurms (Vaults:2)
  4 naga ritualists
  3 orc knights
  3 ironbound convokers
  3 necromancers
  3 mana vipers
  A cyclops (D:14)
  10 ugly things
  8 deep elf pyromancers
  3 orc sorcerers
  7 deep elf zephyrmancers
  5 salamanders
  3 fauns
  A centaur zombie (Crypt:3)
  An elephant (Lair:6)
  An eye of devastation (shapeshifter) (D:14)
  A moth of wrath (Zot:1)
  10 black mambas
  3 merfolk sirens
  4 manticores
  2 water nymphs
  7 vault sentinels
  8 naga magi
  3 komodo dragons
  A rime drake (Lair:6)
  7 yaktaurs
  A sea snake skeleton (Crypt:2)
  3 hellwings (Crypt:3)
  2 tengu conjurers
  A hydra zombie (Crypt:3)
  A minotaur skeleton (Crypt:1)
  A red devil (Depths:2)
  8 merfolk
  3 trolls
  A polar bear (Lair:6)
  2 slime creatures (D:15)
  A saltling (Desolation)
  3 snapping turtles
  A dream sheep (Lair:6)
  2 wind drakes
  6 blink frogs
  A fire dragon skeleton (Crypt:2)
  2 water elementals
  2 wyverns
  5 humans (D:14)
  6 yaks
  A basilisk (Lair:6)
  3 wraiths
  A black mamba skeleton (Crypt:3)
  A fire bat (Gauntlet)
  3 redbacks
  A vampire mosquito (D:12)
  A chaos spawn (Depths:2)
  A basilisk (shapeshifter) (D:15)
  21 nagas
  A water moccasin (Lair:6)
  An acid dragon (Lair:6)
  A hell hound (Gauntlet)
  A floating eye (Depths:3)
  5 orc warriors
  A black bear (shapeshifter) (D:13)
  An ogre (Orc:2)
  A centaur (D:13)
  A torpor snail zombie (Crypt:1)
  A wyvern skeleton (Crypt:3)
  A starcursed mass (Abyss:2)
  A human zombie (Crypt:1)
  3 orc priests (Orc:2)
  A bullfrog skeleton (Crypt:2)
  A hell rat (Lair:6)
  An iguana (Lair:6)
  4 orc wizards (Orc:2)
  A deep dwarf skeleton (Crypt:2)
  A white imp (Abyss:2)
  7 orcs
  A hobgoblin zombie (Crypt:2)
  An orc skeleton (Crypt:2)
  2 starspawn tentacles (Abyss:2)
364 creatures vanquished.

Vanquished Creatures (others)
  A fire giant (Depths:2)
  3 vault guards (Vaults:5)
  A manticore (Shoals:4)
  A naga (Snake:1)
  A harpy simulacrum (Abyss:2)
  A large abomination (Abyss:2)
  An orc (Orc:1)
  50 fungi
  198 plants
  14 starspawn tentacles (Abyss:2)
  45 withered plants
316 creatures vanquished.

Grand Total: 2213 creatures vanquished

Notes
Turn   | Place    | Note
-------+----------+-------------------------------------------
     0 | D:1      | oldriver the Gnoll Cinder Acolyte began the quest for the
                  | Orb.
     0 | D:1      | Reached XP level 1. HP: 23/23 MP: 4/4
   156 | D:1      | Found Opluon's Assorted Antiques.
   409 | D:1      | Found Erradd's Jewellery Emporium.
   429 | D:1      | Found a faded altar of an unknown god.
   671 | D:1      | Reached XP level 2. HP: 26/29 MP: 5/5
   960 | D:2      | Identified the +2 short sword of Axtu {venom, Dex+5}
  1030 | D:2      | Learned a level 2 spell: Scorch
  1117 | D:2      | Reached XP level 3. HP: 35/35 MP: 1/7
  1322 | D:2      | Reached skill level 1 in Invocations
  1353 | D:2      | Reached skill level 1 in Short Blades
  1353 | D:2      | Reached skill level 1 in Long Blades
  1353 | D:2      | Reached skill level 1 in Maces & Flails
  1353 | D:2      | Reached skill level 1 in Polearms
  1353 | D:2      | Reached skill level 1 in Staves
  1353 | D:2      | Reached skill level 1 in Slings
  1353 | D:2      | Reached skill level 1 in Bows
  1353 | D:2      | Reached skill level 1 in Crossbows
  1353 | D:2      | Reached skill level 1 in Throwing
  1353 | D:2      | Reached skill level 1 in Armour
  1353 | D:2      | Reached skill level 1 in Dodging
  1353 | D:2      | Reached skill level 1 in Stealth
  1353 | D:2      | Reached skill level 1 in Shields
  1353 | D:2      | Reached skill level 1 in Unarmed Combat
  1353 | D:2      | Reached skill level 1 in Evocations
  1426 | D:2      | Reached XP level 4. HP: 32/41 MP: 1/8
  2228 | D:1      | Bought a sedimented brown potion for 20 gold pieces
  2228 | D:1      | Bought an amethyst potion for 20 gold pieces
  2228 | D:1      | Bought a jewelled copper wand for 92 gold pieces
  2248 | D:3      | Noticed a centaur
  2250 | D:3      | Killed a centaur
  2251 | D:3      | Reached skill level 1 in Conjurations
  2251 | D:3      | Reached skill level 1 in Hexes
  2251 | D:3      | Reached skill level 1 in Summonings
  2251 | D:3      | Reached skill level 1 in Necromancy
  2251 | D:3      | Reached skill level 1 in Translocations
  2251 | D:3      | Reached skill level 1 in Transmutations
  2251 | D:3      | Reached skill level 1 in Ice Magic
  2251 | D:3      | Reached skill level 1 in Air Magic
  2251 | D:3      | Reached skill level 1 in Earth Magic
  2251 | D:3      | Reached skill level 1 in Poison Magic
  2251 | D:3      | Reached XP level 5. HP: 36/47 MP: 4/9
  2454 | D:3      | Noticed Natasha
  2460 | D:3      | Killed Natasha
  2592 | D:2      | Reached XP level 6. HP: 47/53 MP: 10/10
  2661 | D:3      | Noticed Natasha
  2724 | D:3      | Killed Natasha
  2857 | D:3      | Noticed Natasha
  2870 | D:3      | Killed Natasha
  3001 | D:3      | Found Weth's Armour Boutique.
  3019 | D:3      | Noticed a sky beast
  3036 | D:3      | Killed a sky beast
  3412 | D:3      | Found a glowing golden altar of the Shining One.
  3755 | D:3      | Found a shadowy altar of Dithmenos.
  3991 | D:4      | Reached XP level 7. HP: 24/59 MP: 4/12
  5399 | D:5      | Entered Level 5 of the Dungeon
  5705 | D:5      | Reached XP level 8. HP: 67/67 MP: 3/14
  5965 | D:5      | Found Niguap's General Store.
  7776 | D:6      | Reached XP level 9. HP: 58/73 MP: 7/16
  7947 | D:6      | Found a staircase to the Ecumenical Temple.
  8117 | D:6      | Found Qeyckih's Magic Scroll Emporium.
  8535 | D:6      | Reached skill level 5 in Spellcasting
  9262 | D:7      | Found a hazy altar of Hepliaklqana.
  9353 | D:7      | Noticed a two-headed ogre
  9365 | D:7      | Killed a two-headed ogre
  9366 | D:7      | Reached skill level 5 in Invocations
  9531 | D:7      | Noticed a white ugly thing
  9681 | D:3      | Bought a +0 helmet for 63 gold pieces
  9686 | D:3      | Bought a +0 cloak for 63 gold pieces
 10390 | D:7      | Reached XP level 10. HP: 54/80 MP: 15/18
 10404 | D:7      | Killed a white ugly thing
 10405 | D:7      | Reached skill level 5 in Short Blades
 10405 | D:7      | Reached skill level 5 in Long Blades
 10405 | D:7      | Reached skill level 5 in Maces & Flails
 10405 | D:7      | Reached skill level 5 in Polearms
 10405 | D:7      | Reached skill level 5 in Staves
 10405 | D:7      | Reached skill level 5 in Slings
 10405 | D:7      | Reached skill level 5 in Bows
 10405 | D:7      | Reached skill level 5 in Crossbows
 10405 | D:7      | Reached skill level 5 in Throwing
 10405 | D:7      | Reached skill level 5 in Armour
 10405 | D:7      | Reached skill level 5 in Dodging
 10405 | D:7      | Reached skill level 5 in Stealth
 10405 | D:7      | Reached skill level 5 in Shields
 10405 | D:7      | Reached skill level 5 in Unarmed Combat
 10405 | D:7      | Reached skill level 5 in Evocations
 11246 | D:7      | Got the Catalogue of Unholy Arts
 11309 | D:7      | Noticed a cyclops
 11329 | D:7      | Noticed Menkaure
 11335 | D:7      | Killed Menkaure
 11759 | D:7      | Got Leowneak's Incunabulum of Poisoning
 11861 | D:7      | Learned a level 2 spell: Passwall
 11865 | D:7      | Learned a level 3 spell: Mephitic Cloud
 11869 | D:7      | Learned a level 3 spell: Stone Arrow
 11943 | D:7      | Learned a level 2 spell: Sublimation of Blood
 12299 | D:8      | Noticed Gastronok
 12943 | D:8      | Found a shimmering blue altar of Sif Muna.
 12974 | D:8      | Killed an unseen horror
 14165 | D:7      | Reached XP level 11. HP: 79/87 MP: 20/20
 14348 | D:8      | Found a radiant altar of Vehumet.
 14552 | D:8      | Killed Gastronok
 14553 | D:8      | Reached skill level 5 in Conjurations
 14553 | D:8      | Reached skill level 5 in Hexes
 14553 | D:8      | Reached skill level 5 in Summonings
 14553 | D:8      | Reached skill level 5 in Necromancy
 14553 | D:8      | Reached skill level 5 in Translocations
 14553 | D:8      | Reached skill level 5 in Transmutations
 14553 | D:8      | Reached skill level 5 in Ice Magic
 14553 | D:8      | Reached skill level 5 in Air Magic
 14553 | D:8      | Reached skill level 5 in Earth Magic
 14553 | D:8      | Reached skill level 5 in Poison Magic
 16986 | D:10     | Entered Level 10 of the Dungeon
 17225 | D:10     | Found a shimmering altar of Xom.
 17384 | D:10     | Found a blossoming altar of Fedhas.
 17402 | D:10     | Noticed a boulder beetle
 17427 | D:10     | Killed a boulder beetle
 17729 | D:10     | Found an opulent altar of Gozag.
 18080 | D:10     | Noticed a wizard
 18549 | D:10     | Killed a wizard
 19198 | D:1      | Bought the ring "Giofarai" {rF+ AC+4 Int+2} for 650 gold
                  | pieces
 19555 | D:11     | Noticed a boulder beetle
 19619 | D:10     | Learned a level 3 spell: Swiftness
 19623 | D:10     | Learned a level 3 spell: Frozen Ramparts
 19628 | D:10     | Learned a level 4 spell: Iskenderun's Mystic Blast
 19652 | D:11     | Killed a boulder beetle
 19653 | D:11     | Reached XP level 12. HP: 9/96 MP: 20/23
 20422 | D:11     | Found a staircase to the Lair.
 20728 | D:11     | Found a staircase to the Orcish Mines.
 21156 | Lair:1   | Entered Level 1 of the Lair of Beasts
 22706 | Lair:2   | You fall into a shaft and drop 1 floor!
 22925 | Lair:2   | Found a runed translucent gate.
 22925 | Lair:2   | Found a runed translucent gate.
 22925 | Lair:2   | Found a runed translucent gate.
 23056 | Lair:2   | Identified the +1 scale mail of Uxobutom {-Tele rF+ rN++
                  | MP+9}
 23114 | Lair:2   | Noticed oldriver's ghost (journeyman GnCA)
 23724 | Lair:2   | Reached skill level 10 in Fighting
 23724 | Lair:2   | Reached skill level 10 in Axes
 24935 | Lair:3   | Reached XP level 13. HP: 103/103 MP: 18/25
 27599 | Lair:4   | Learned a level 4 spell: Summon Lightning Spire
 27739 | Lair:4   | Found a staircase to the Snake Pit.
 27777 | Lair:4   | Found a staircase to the Shoals.
 29349 | Lair:6   | Entered Level 6 of the Lair of Beasts
 29695 | Lair:6   | Found a viscous altar of Jiyva.
 29696 | Lair:6   | Found a staircase to the Slime Pits.
 29817 | Lair:6   | Learned a level 4 spell: Airstrike
 29929 | Lair:6   | Noticed a fire dragon
 29938 | Lair:6   | Killed a fire dragon
 30112 | Lair:6   | Reached XP level 14. HP: 113/113 MP: 15/27
 30975 | Lair:6   | Noticed a dire elephant
 30990 | Lair:6   | Killed a dire elephant
 30993 | Lair:6   | Reached skill level 10 in Invocations
 31142 | Lair:6   | Noticed a dire elephant
 31235 | Lair:6   | Killed a dire elephant
 31465 | Lair:6   | Identified the +10 shortbow of Death's Door {vorpal, Str+4}
 31855 | Orc:1    | Entered Level 1 of the Orcish Mines
 31855 | Orc:1    | Noticed Erica
 31859 | Orc:1    | Killed Erica
 31859 | Orc:1    | Noticed Josephine
 31920 | D:11     | Killed Josephine
 32357 | Orc:2    | Entered Level 2 of the Orcish Mines
 32700 | Orc:2    | Found a staircase to the Elven Halls.
 32997 | Orc:2    | Reached skill level 10 in Spellcasting
 33545 | Orc:2    | Found Wiacohue's Assorted Antiques.
 33550 | Orc:2    | Found Lulaonup's Weapon Emporium.
 33706 | Orc:2    | Bought a sparkling bronze ring for 155 gold pieces
 33706 | Orc:2    | Identified the ring "Ampuklotu" {rF+ rN+ Str-2 Int+6} (You
                  | bought it in a shop on level 2 of the Orcish Mines)
 33706 | Orc:2    | Bought an iridescent flail for 263 gold pieces
 33706 | Orc:2    | Identified the +4 flail "Zegasa" {drain, rElec rF+} (You
                  | bought it in a shop on level 2 of the Orcish Mines)
 33706 | Orc:2    | Bought an amethyst potion for 27 gold pieces
 33706 | Orc:2    | Bought a scroll labelled ASIOXY MIGOMIUR for 31 gold pieces
 33716 | Orc:2    | Found Fymo's Antique Weapon Emporium.
 33718 | Orc:2    | Found Ataol's Antique Weapon Boutique.
 33731 | Orc:2    | Bought a dazzling scimitar for 261 gold pieces
 33731 | Orc:2    | Identified the +5 scimitar of Might {vorpal, *Rage rCorr
                  | MP+9 Stlth+} (You bought it in a shop on level 2 of the
                  | Orcish Mines)
 33806 | Orc:1    | Reached XP level 15. HP: 120/120 MP: 8/29
 34388 | D:12     | Identified the +7 mace of the Gloaming {vorpal, Dex+7}
 34450 | D:12     | Found a runed translucent gate.
 34450 | D:12     | Found a runed translucent gate.
 34450 | D:12     | Found a runed translucent gate.
 34451 | D:12     | Noticed bjtr's ghost (journeyman OgFE)
 34638 | D:12     | Reached skill level 10 in Fire Magic
 35166 | D:12     | Noticed Nessos
 35177 | D:12     | Killed Nessos
 35178 | D:12     | Reached skill level 10 in Short Blades
 35178 | D:12     | Reached skill level 10 in Long Blades
 35178 | D:12     | Reached skill level 10 in Maces & Flails
 35178 | D:12     | Reached skill level 10 in Polearms
 35178 | D:12     | Reached skill level 10 in Staves
 35178 | D:12     | Reached skill level 10 in Slings
 35178 | D:12     | Reached skill level 10 in Bows
 35178 | D:12     | Reached skill level 10 in Crossbows
 35178 | D:12     | Reached skill level 10 in Throwing
 35178 | D:12     | Reached skill level 10 in Armour
 35178 | D:12     | Reached skill level 10 in Dodging
 35178 | D:12     | Reached skill level 10 in Stealth
 35178 | D:12     | Reached skill level 10 in Shields
 35178 | D:12     | Reached skill level 10 in Unarmed Combat
 35178 | D:12     | Reached skill level 10 in Evocations
 36017 | D:13     | Found Duchac's Armour Shop.
 36111 | D:13     | Found a radiant altar of Vehumet.
 36272 | D:14     | Identified a scroll of acquirement
 36272 | D:14     | Acquired the amulet of Megalomania {Reflect Rampage rElec
                  | rPois SH+5}
 36315 | D:14     | Found a gate leading to a gauntlet.
 36329 | D:14     | Learned a level 5 spell: Yara's Violent Unravelling
 36330 | Gauntlet | Entered a Gauntlet
 36330 | Gauntlet | Found a transporter.
 36330 | Gauntlet | Found a transporter.
 36331 | Gauntlet | Found a transporter.
 36331 | Gauntlet | Found a transporter.
 36334 | Gauntlet | Found a transporter.
 36334 | Gauntlet | Found a transporter.
 36344 | Gauntlet | Found a transporter.
 36348 | Gauntlet | Found a transporter.
 36358 | Gauntlet | Found a transporter.
 36358 | Gauntlet | Found a transporter.
 36459 | Gauntlet | Found a transporter.
 36463 | Gauntlet | Found a transporter.
 36969 | Gauntlet | Identified the -1 helmet of Immorality {rElec MP+9 Int-2
                  | Dex+5}
 37206 | Gauntlet | Identified the +0 leather armour of the Spider Nest {rC+
                  | rN+ Int-4}
 37539 | D:14     | Noticed Urug
 37551 | D:14     | Killed Urug
 37579 | D:14     | Noticed Rupert
 37617 | D:14     | Found a gate to the Vaults.
 37911 | D:14     | Noticed a ghoul
 37921 | D:14     | Killed a ghoul
 38113 | D:14     | Found a runed translucent gate.
 38113 | D:14     | Found a runed translucent gate.
 38113 | D:14     | Found a runed translucent gate.
 38119 | D:14     | Noticed Osanutie's ghost (journeyman MiBe)
 38150 | D:14     | Found Qebigal's Book Boutique.
 38453 | Snake:1  | Entered Level 1 of the Snake Pit
 39225 | Snake:1  | Reached XP level 16. HP: 128/128 MP: 14/30
 40096 | Snake:1  | Found Uddud's Antique Armour Emporium.
 40142 | Snake:1  | Found Tosm's General Store.
 40146 | Snake:1  | Bought a scroll of fog for 32 gold pieces
 41958 | Snake:2  | Noticed a nagaraja
 41963 | Snake:2  | Killed a nagaraja
 43159 | Snake:2  | Noticed a nagaraja
 43176 | Snake:2  | Killed a nagaraja
 43838 | Snake:3  | Noticed a nagaraja
 43850 | Snake:3  | Killed a nagaraja
 44277 | Snake:3  | Found a shadowy altar of Dithmenos.
 45533 | Snake:4  | Entered Level 4 of the Snake Pit
 45848 | Snake:4  | Reached XP level 17. HP: 136/136 MP: 13/32
 46733 | Shoals:1 | Entered Level 1 of the Shoals
 46733 | Shoals:1 | Found Moprisam's Weapon Boutique.
 47902 | Shoals:1 | Found a runed translucent door.
 50388 | Shoals:3 | Learned a level 5 spell: Iskenderun's Battlesphere
 50403 | Shoals:3 | Reached skill level 10 in Conjurations
 50403 | Shoals:3 | Reached skill level 10 in Hexes
 50403 | Shoals:3 | Reached skill level 10 in Summonings
 50403 | Shoals:3 | Reached skill level 10 in Necromancy
 50403 | Shoals:3 | Reached skill level 10 in Translocations
 50403 | Shoals:3 | Reached skill level 10 in Transmutations
 50403 | Shoals:3 | Reached skill level 10 in Ice Magic
 50403 | Shoals:3 | Reached skill level 10 in Air Magic
 50403 | Shoals:3 | Reached skill level 10 in Earth Magic
 50403 | Shoals:3 | Reached skill level 10 in Poison Magic
 50633 | Shoals:3 | Found Ziogiohu's Assorted Antiques.
 50636 | Shoals:3 | Bought a spiked leather armour for 245 gold pieces
 50636 | Shoals:3 | Identified the +1 leather armour "Zuov" {Dex+4} (You bought
                  | it in a shop on level 3 of the Shoals)
 50636 | Shoals:3 | Bought a scroll of teleportation for 105 gold pieces
 52142 | D:14     | Killed Rupert
 52492 | D:15     | Entered Level 15 of the Dungeon
 53149 | D:15     | Identified the +4 hand axe "Peeth" {vorpal, rN+}
 53479 | D:15     | Reached XP level 18. HP: 144/144 MP: 27/34
 54722 | D:15     | Found a staircase to the Depths.
 55404 | Elf:1    | Entered Level 1 of the Elven Halls
 56733 | Elf:1    | Got the Handbook of Creation
 57326 | Elf:1    | Identified the +5 scale mail of the Stallion {Dex+6}
 59008 | Snake:4  | Noticed Louise
 59017 | Snake:4  | Killed Louise
 60203 | Snake:4  | Noticed Vashnia
 60235 | Snake:4  | Killed Vashnia
 61092 | Snake:4  | Got a serpentine rune of Zot
 61654 | Shoals:3 | Identified the +9 short sword "Vosyp" {vorpal, *Rage rF+
                  | Int+6 Dex+2}
 61700 | Shoals:3 | Noticed Ilsuiw
 62063 | Shoals:3 | Killed Ilsuiw
 62070 | Shoals:3 | Identified the +0 chain mail of Inaction {rElec}
 62548 | Shoals:4 | Entered Level 4 of the Shoals
 63215 | Shoals:4 | Reached XP level 19. HP: 146/152 MP: 23/36
 63384 | Shoals:4 | Paralysed by a sphinx for 6 turns
 65259 | Shoals:4 | Got a barnacled rune of Zot
 65828 | Depths:1 | Entered Level 1 of the Depths
 65980 | Depths:1 | Found a broken altar of Ashenzari.
 66505 | Depths:1 | Found a one-way gateway to a ziggurat.
 66507 | Depths:1 | Noticed Mara
 66524 | Depths:1 | Killed Mara
 66825 | Vaults:1 | Entered Level 1 of the Vaults
 66972 | Vaults:1 | Found a crumbling gateway.
 66979 | Desolati | Entered the Desolation of Salt
 67554 | Vaults:1 | Noticed Aizul
 67571 | Vaults:1 | Killed Aizul
 68679 | Vaults:1 | Paralysed by a great orb of eyes for 2 turns
 70129 | Vaults:2 | Found a flickering gateway to a bazaar.
 70135 | Bazaar   | Entered a bazaar
 70135 | Bazaar   | Found Kuwer's Antique Weapon Boutique.
 70149 | Bazaar   | Found Anyakk's Antique Armour Shoppe.
 70157 | Bazaar   | Bought a glimmering chain mail for 152 gold pieces
 70157 | Bazaar   | Identified the +0 chain mail "Jepsufoju" {Int+3} (You
                  | bought it in a shop in a bazaar)
 70157 | Bazaar   | Found Zucim's General Store.
 70167 | Bazaar   | Bought a potion of curing for 42 gold pieces
 70170 | Bazaar   | Found Mujonwae's Magic Scroll Boutique.
 70178 | Bazaar   | Bought a scroll of teleportation for 39 gold pieces
 70178 | Bazaar   | Bought a scroll of fear for 45 gold pieces
 70191 | Bazaar   | Found Lup Isa's Jewellery Emporium.
 70228 | Bazaar   | Bought a ring of wizardry for 240 gold pieces
 70228 | Bazaar   | Bought the ring of Enag {Fire MP+9 Str+9 Slay+4 Stlth-} for
                  | 681 gold pieces
 70918 | Vaults:2 | Reached XP level 20. HP: 154/161 MP: 4/37
 72318 | Vaults:2 | Reached skill level 15 in Fighting
 72318 | Vaults:2 | Reached skill level 15 in Axes
 74109 | Vaults:2 | Reached skill level 15 in Invocations
 75254 | Elf:2    | Cast into level 2 of the Abyss (a deep elf sorcerer)
 75277 | Abyss:2  | Found a corrupted altar of Lugonu.
 75290 | Abyss:2  | Found a corrupted altar of Lugonu.
 76345 | Abyss:2  | Noticed a bone dragon
 76527 | Elf:2    | Escaped the Abyss
 76674 | Elf:2    | Found Xidyjir's Book Emporium.
 77434 | Elf:2    | Noticed Nilerium's ghost (journeyman MiBe)
 77447 | Elf:2    | Found a runed translucent door.
 77572 | Elf:2    | Killed Nilerium's ghost
 77802 | Elf:2    | Found a runed translucent gate.
 77802 | Elf:2    | Found a runed translucent gate.
 77802 | Elf:2    | Found a runed translucent gate.
 79919 | Vaults:3 | Reached XP level 21. HP: 169/169 MP: 35/39
 80293 | Vaults:3 | Learned a level 5 spell: Freezing Cloud
 81331 | Vaults:3 | Found a staircase to the Crypt.
 83947 | Crypt:1  | Entered Level 1 of the Crypt
 87997 | Crypt:2  | Found a glowing golden altar of the Shining One.
 88398 | Crypt:2  | Reached skill level 15 in Spellcasting
 89512 | Depths:1 | Identified the +2 hand axe "Sountoc" {elec, *Rage rPois
                  | Will+ SInv}
 89563 | Depths:1 | Reached XP level 22. HP: 178/178 MP: 26/41
 89901 | Depths:1 | Found a gateway to Hell.
 90059 | Depths:1 | Found a sparkling altar of Nemelex Xobeh.
 90375 | Depths:2 | Found Lagyo's Armour Shoppe.
 90837 | Depths:2 | Found a one-way gate leading to the halls of Pandemonium.
 91944 | Depths:2 | Found a hide-covered altar of Uskayaw.
 92252 | Depths:2 | Reached skill level 15 in Short Blades
 92252 | Depths:2 | Reached skill level 15 in Long Blades
 92252 | Depths:2 | Reached skill level 15 in Maces & Flails
 92252 | Depths:2 | Reached skill level 15 in Polearms
 92252 | Depths:2 | Reached skill level 15 in Staves
 92252 | Depths:2 | Reached skill level 15 in Slings
 92252 | Depths:2 | Reached skill level 15 in Bows
 92252 | Depths:2 | Reached skill level 15 in Crossbows
 92252 | Depths:2 | Reached skill level 15 in Throwing
 92252 | Depths:2 | Reached skill level 15 in Armour
 92252 | Depths:2 | Reached skill level 15 in Dodging
 92252 | Depths:2 | Reached skill level 15 in Stealth
 92252 | Depths:2 | Reached skill level 15 in Shields
 92252 | Depths:2 | Reached skill level 15 in Unarmed Combat
 92252 | Depths:2 | Reached skill level 15 in Evocations
 92428 | Depths:2 | Learned a level 6 spell: Iron Shot
 93518 | Depths:2 | Found Morar's Book Boutique.
 93518 | Depths:2 | Found Gyelifoash's Jewellery Shoppe.
 93538 | Depths:2 | Found Giopneuff's Jewellery Shoppe.
 94516 | Depths:3 | Found Miblesy's Book Shop.
 94516 | Depths:3 | Found Moyx's Book Boutique.
 94517 | Depths:3 | Found Radwev Feap's General Store.
 94521 | Depths:3 | Bought a scroll of teleportation for 66 gold pieces
 94521 | Depths:3 | Bought a potion of curing for 66 gold pieces
 94521 | Depths:3 | Found Ezes's Distillery.
 94536 | Depths:3 | Bought an Inescapable Atlas for 476 gold pieces
 95698 | Depths:3 | Found a one-way gate to the infinite horrors of the Abyss.
 95711 | Depths:3 | Noticed a golden dragon
 95723 | Depths:3 | Killed a golden dragon
 95980 | Depths:3 | Found a burning altar of Makhleb.
 96076 | Depths:3 | Noticed a caustic shrike
 96088 | Depths:3 | Noticed a juggernaut
 96094 | Depths:3 | Killed a caustic shrike
 96113 | Depths:3 | Killed a juggernaut
 96629 | Depths:4 | Entered Level 4 of the Depths
 97323 | Elf:3    | Entered Level 3 of the Elven Halls
 97385 | Elf:3    | Noticed Bai Suzhen
 97451 | Elf:3    | Killed Bai Suzhen
 97904 | Elf:3    | Reached XP level 23. HP: 186/186 MP: 34/42
 98677 | Elf:3    | Found Jeeqics's Book Emporium.
 99824 | Elf:3    | Identified the +3 great mace "Nepnaus" {speed, rC++ Str+3
                  | Int-4}
100050 | Elf:3    | Identified the ring of the Ten Heavens {+Blink rC+ rN+
                  | Dex+3}
100925 | Elf:3    | Got the Handbook of Cold
100929 | Elf:3    | Got Sif Muna's Guide on Excruciating Intoxication
100931 | Elf:3    | Got Fexunud's Incunabulum of Creative Confrontation
101060 | Elf:3    | Identified the +2 morningstar of Guilt {flame, Dex+4}
101687 | Lair:2   | Killed oldriver's ghost
102158 | Crypt:2  | Identified the +7 chain mail of Majestic Miracles {rN+
                  | Int-2 Dex+3}
102272 | Crypt:2  | Noticed Margery
102278 | Crypt:2  | Killed Margery
102743 | Crypt:2  | Learned a level 5 spell: Fireball
103063 | Crypt:3  | Entered Level 3 of the Crypt
105483 | Crypt:3  | Found a staircase to the Tomb.
106245 | Crypt:3  | Identified the +5 mace of Cataclysm {flame, rN+ rCorr
                  | Int+3}
106245 | Crypt:3  | Identified the ring "Zip Coco" {rPois Str+3 Slay+3}
107653 | Crypt:3  | Found an ancient bone altar of Kikubaaqudgha.
108517 | Crypt:3  | Found the +7 great mace "Undeadhunter" {disrupt, rN+}
108529 | Crypt:3  | Noticed a dread lich
108529 | Crypt:3  | Identified the amulet "Tumuar" {RegenMP rPois Dex+2 Slay+3}
109481 | Depths:4 | Noticed Boris
109739 | Depths:4 | Killed Boris
109740 | Depths:4 | Reached XP level 24. HP: 124/195 MP: 6/43
110778 | Depths:4 | Found a gate to the Realm of Zot.
113014 | Vaults:5 | Entered Level 5 of the Vaults
113029 | Vaults:5 | Noticed an ancient lich
113491 | D:14     | Killed Osanutie's ghost
113741 | D:14     | Identified the +10 hand crossbow of Saltpetre {elec, +Blink
                  | rF+}
114028 | Vaults:5 | Noticed a dread lich
114042 | Vaults:5 | Killed a dread lich
114042 | Vaults:5 | Noticed a dread lich
114193 | Vaults:5 | Reached skill level 15 in Fire Magic
114280 | Vaults:5 | Noticed Xtahua
114305 | Vaults:5 | Paralysed by a sphinx for 4 turns
114326 | Vaults:5 | HP: 8/196 [constriction (3)]
114486 | Vaults:5 | Identified the +1 robe of the Moon {rC++ Int-2}
114610 | Vaults:5 | Got a silver rune of Zot
114678 | Vaults:5 | Identified the +11 great mace "Teeteh" {vorpal, rF+ Dex+4}
114907 | Vaults:5 | Killed an ancient lich
115511 | Vaults:5 | Identified the +3 morningstar of Iroahef {flame, rN+}
115799 | Vaults:5 | Identified the +3 rapier "Gehohon" {vorpal, Will+ Str+3}
116146 | Vaults:5 | Killed a dread lich
116279 | Vaults:5 | Reached XP level 25. HP: 143/196 MP: 43/43
116503 | Vaults:5 | Paralysed by Xtahua for 3 turns
116506 | Vaults:5 | Killed Xtahua
117820 | Vaults:5 | Learned a level 7 spell: Spellforged Servitor
117936 | Vaults:5 | Got Akuwe's Tome of Congealing Summoning
119119 | Zot:1    | Entered Level 1 of the Realm of Zot
119832 | Zot:1    | Identified the amulet of the Middle {Reflect +Inv SH+5}
120193 | Zot:1    | Noticed an orb of fire
120373 | Zot:1    | Killed an orb of fire
120416 | Zot:1    | HP: 3/306 [yellow draconian (24)]
120418 | Zot:1    | Mangled by a golden dragon

Illustrated notes

Levels and vault maps discovered:
D:1:      minmay_arrival_stone_box, layout_basic,
          hellmonk_ecumenical_altar_lost_god, serial_shops, shop_coins, shop
D:2:      layout_basic, kennysheep_generic_room_11
D:3:      layout_loops_ring, grunt_dithmenos_smoke,
          nicolae_tso_besieged_by_evil, serial_shops, shop, uniq_natasha
D:4:      layout_basic, minmay_misc_feat_alley
D:5:      cheibrodos_two_vegetables, layout_cave_pools, serial_shops,
          nicolae_shop_advertising_works [nicolae_subvault_shop_adworks],
          grunt_ministairs_13
D:6:      layout_gridville, minmay_temple_entry_ruins, serial_co_window_serial,
          co_window_cross_1, co_window_corner_a, co_window_paths_a,
          co_window_corner_a, co_window_paths_b, co_window_2corner,
          co_window_of_opportunity_b, co_window_corner_ca, glass_columns_a,
          glass_columns_a, serial_shops, shop
D:7:      nzn_winding_woodlands_cross [nzn_winding_woodlands_5x15_parted,
          nzn_winding_woodlands_5x15_twine, nzn_winding_woodlands_5x15_jagged,
          nzn_winding_woodlands_5x15_pathside_ponds,
          nzn_winding_woodlands_15x15_five_gardens], layout_basic,
          nicolae_hepliaklqana_monster_ancestors, hex_medium,
          hangedman_decor_growths, uniq_menkaure
D:8:      layout_layer_cave, nicolae_sif_muna_little_library,
          nicolae_overflow_hidden_temple, minmay_nine_imps, uniq_gastronok
D:9:      layout_basic, minmay_fractal_squares_5
D:10:     layout_irregular_city, nicolae_gozag_cash_rules_everything_around_me,
          fedhas_bush_and_centaur_altar, led_xom_imps, lightli_wizard_tower
D:11:     layout_cave_pools, erik_lair_island, david_orc_3, chequers_mini_garden
D:12:     layout_roguey, gammafunk_ghost_spectres, uniq_nessos
D:13:     layout_gridville, serial_shops, nicolae_shop_stone, vehumet_statue
D:14:     layout_irregular_city, david_vaults_3, serial_undead, serial_undead_b,
          serial_undead_c, serial_undead_e, serial_undead_c, serial_shops, shop,
          chequers_serial_rivers_small_a, gauntlet_entry_generic,
          maelrawn_ghost_gauntlet_escape, portal_ice_cave_entry_pillars_three,
          nrook_loot_triangle
D:15:     hangedman_depths_entry_civil_slaughter, layout_stronghold,
          serial_bayou_shore_a
Lair:1:   layout_regular_city, chequers_serial_rivers_marsh, grunt_megastairs_4,
          lemuel_fruit_tree, lemuel_fruit_fields, infiniplex_staircase_pool
Lair:2:   layout_small_grid, ebering_ghost_rock_garden,
          hangedman_lair_unloving_vines
Lair:3:   layout_cave_pods, ldierk_geyser
Lair:4:   layout_small_grid, elwin_shoals_entry_stream,
          minmay_snake_entry_guardpost_medium, grunt_megastairs_1,
          lemuel_fruit_fields
Lair:5:   layout_regular_city
Lair:6:   guppyfry_lair_end_dragon, layout_cave_pods, hangedman_lair_in_review,
          slime_altar_1, serial_rivers, chequers_serial_rivers_micro_b,
          chequers_serial_rivers_room_a, chequers_serial_rivers_micro_b,
          chequers_serial_rivers_small_3
Shoals:1: layout_shoals, serial_shops, shop, lightli_airlock
Shoals:2: layout_shoals, nicolae_shoals_water_shrine
Shoals:3: layout_shoals, serial_shops, nicolae_shop_behind_doors, uniq_ilsuiw
Shoals:4: shoals_end_hellmonk_lost_city
Snake:1:  layout_chambers, st_stairs_4, minmay_shop_star, grunt_megastairs_5
Snake:2:  layout_gridlike
Snake:3:  layout_cave_town, basic_altar
Snake:4:  grunt_snake_rune_serpentine_throne, layout_gridlike, uniq_louise
Orc:1:    layout_caves, uniq_erica, uniq_urug, uniq_josephine
Orc:2:    st_orc_elflike, layout_caves
Elf:1:    nicolae_elf_arrival_fired_up, layout_geoelf_grid,
          minmay_elf_demonology, nicolae_elf_big_sculpture_1
Elf:2:    elven_hall_of_blades_hangedman_original
          [nicolae_blade_entry_hurt_lockers], layout_geoelf_octagon,
          serial_shops, shop, hellmonk_ghost_happy_afterlife
Elf:3:    minmay_elf_hall_spiked, layout_geoelf_diagonals, serial_shops, shop,
          uniq_bai_suzhen
Vaults:1: portal_desolation_entry_nicolae_slug, grunt_vaults_twisty,
          hangedman_vaults_capsules, nicolae_vaults_little_ls,
          vaults_mumra_chevron, nicolae_vaults_what_the_h, vaults_dpeg_diagonal,
          hangedman_vaults_trim, ontoclasm_vaults_gateway, vaults_dpeg_hooks,
          ontoclasm_vaults_decontamination, vaults_room_semicircle,
          layout_vaults_omnigrid, uniq_aizul
Vaults:2: mu_enter_wizlab_6, v_alt_pattern_5, grunt_vaults_swirl, v_misc_23,
          nicolae_vaults_specimen_jars, nicolae_vaults_network_s,
          ontoclasm_vaults_gallery, nicolae_vaults_asterisk,
          nicolae_vaults_theta, v_misc_26, v_rooms_4,
          vaults_room_grunt_arrival_ludios, layout_vaults_maze_snakey,
          serial_shops, bzr_entry_safe
Vaults:3: nicolae_vaults_diagonal_hallway_8, hangedman_vaults_restitches,
          v_misc_16, nicolae_vaults_shelves_hall,
          nicolae_vaults_little_squares_4, minmay_crypt_entry_simple_box,
          st_cross, v_misc_28, hangedman_vaults_cutoff, nicolae_vaults_asterisk,
          vaults_mumra_hex, layout_vaults_ring
Vaults:4: vaults_dpeg_ring, kb_rosetta, vaults_room_door_hall,
          vaults_room_large_hall, v_misc_3, grunt_vaults_funnel, v_misc_24,
          v_alt_pattern_3, vaults_room_fancy_cross,
          nicolae_vaults_diagonal_hallway_6, v_misc_15, layout_vaults_omnibox
Vaults:5: serial_shops, uniq_xtahua
Crypt:1:  layout_misc_corridors
Crypt:2:  layout_regular_city, nicolae_crypt_little_mausoleum,
          lemuel_upstairs_altar, uniq_margery
Crypt:3:  evilmike_haunted_forest
Depths:1: layout_honeycomb, enter_ziggurat_f, nemelex_lonely_heart_becter,
          grunt_hell_entry_dis_grunt, kennysheep_small_spiral,
          ashenzari_altar_1, uniq_mara
Depths:2: hangedman_cross_stitches, layout_basic, grunt_hell_horde,
          rand_demon_pan_entry_5, nicolae_uskayaw_dance_hall, serial_shops,
          nicolae_shop_waterfront, grunt_megastairs_2,
          minmay_staircase_windowed_small, serial_bayou_shore_b,
          minmay_shop_grove
Depths:3: kennysheep_bubble_arena, layout_cave_pools,
          infiniplex_staircase_pool_1, hell_entry, abyss_entry,
          makhleb_altar_promises_db, minmay_shoptagon
Depths:4: grunt_zot_entry_hairpin, layout_basic,
          nicolae_abyss_entry_one_way_or_another, hangedman_coc_ice_floe,
          chequers_serial_rivers_micro_d, uniq_boris
Zot:1:    layout_misc_corridors, st_small_dragon_hoard_3

Skill      XL: |  1  2  3  4  5  6  7  8  9 10 11 12 13 14 15 16 17 18 19 20 21 22 23 24 25 |
---------------+----------------------------------------------------------------------------+-----
Invocations    | 1 2 3 4 5 6 7 8 9 10 11 12 13 14 15 16 17 18 | 18.5
Short Blades   | 1 2 3 4 5 6 7 8 9 10 11 12 13 14 15 16 17 | 17.0
Long Blades    | 1 2 3 4 5 6 7 8 9 10 11 12 13 14 15 16 17 | 17.0
Maces & Flails | 1 2 3 4 5 6 7 8 9 10 11 12 13 14 15 16 17 | 17.0
Polearms       | 1 2 3 4 5 6 7 8 9 10 11 12 13 14 15 16 17 | 17.0
Staves         | 1 2 3 4 5 6 7 8 9 10 11 12 13 14 15 16 17 | 17.0
Slings         | 1 2 3 4 5 6 7 8 9 10 11 12 13 14 15 16 17 | 17.0
Bows           | 1 2 3 4 5 6 7 8 9 10 11 12 13 14 15 16 17 | 17.0
Crossbows      | 1 2 3 4 5 6 7 8 9 10 11 12 13 14 15 16 17 | 17.0
Throwing       | 1 2 3 4 5 6 7 8 9 10 11 12 13 14 15 16 17 | 17.0
Armour         | 1 2 3 4 5 6 7 8 9 10 11 12 13 14 15 16 17 | 17.0
Dodging        | 1 2 3 4 5 6 7 8 9 10 11 12 13 14 15 16 17 | 17.0
Stealth        | 1 2 3 4 5 6 7 8 9 10 11 12 13 14 15 16 17 | 17.0
Shields        | 1 2 3 4 5 6 7 8 9 10 11 12 13 14 15 16 17 | 17.0
Unarmed Combat | 1 2 3 4 5 6 7 8 9 10 11 12 13 14 15 16 17 | 17.0
Evocations     | 1 2 3 4 5 6 7 8 9 10 11 12 13 14 15 16 17 | 17.0
Spellcasting   | 3 4 5 6 7 8 9 10 11 12 13 14 15 16 17 | 17.3
Conjurations   | 1 2 3 4 5 6 7 8 9 10 11 12 13 14 | 14.5
Hexes          | 1 2 3 4 5 6 7 8 9 10 11 12 13 14 | 14.5
Summonings     | 1 2 3 4 5 6 7 8 9 10 11 12 13 14 | 14.5
Necromancy     | 1 2 3 4 5 6 7 8 9 10 11 12 13 14 | 14.5
Translocations | 1 2 3 4 5 6 7 8 9 10 11 12 13 14 | 14.5
Transmutations | 1 2 3 4 5 6 7 8 9 10 11 12 13 14 | 14.5
Ice Magic      | 1 2 3 4 5 6 7 8 9 10 11 12 13 14 | 14.5
Air Magic      | 1 2 3 4 5 6 7 8 9 10 11 12 13 14 | 14.5
Earth Magic    | 1 2 3 4 5 6 7 8 9 10 11 12 13 14 | 14.5
Poison Magic   | 1 2 3 4 5 6 7 8 9 10 11 12 13 14 | 14.5
Fighting       | 7 8 9 10 11 12 13 14 15 16 17 18 | 18.1
Axes           | 7 8 9 10 11 12 13 14 15 16 17 18 | 18.1
Fire Magic     | 6 7 8 9 10 11 12 13 14 15 | 15.4

Action                   |  1- 3 |  4- 6 |  7- 9 | 10-12 | 13-15 | 16-18 | 19-21 | 22-24 | 25-27 || total
-------------------------+-------+-------+-------+-------+-------+-------+-------+-------+-------++-------
Melee: Hand axe          |    24 |       |       |       |       |       |       |       |       ||    24
       Bite              |     4 |     4 |     3 |    61 |    29 |     5 |    41 |    22 |     4 ||   173
       Short sword       |    23 |    41 |    31 |   384 |   117 |       |       |       |       ||   596
       Scimitar          |       |       |       |       |    29 |    49 |   223 |   149 |    28 ||   478
       Unarmed           |       |       |       |       |       |       |       |       |     9 ||     9
Throw: Boomerang         |       |       |     2 |    14 |     5 |       |       |       |       ||    21
       Dart              |       |       |       |     6 |     1 |     3 |       |       |       ||    10
       Javelin           |       |       |       |       |       |     1 |     3 |       |       ||     4
 Cast: Scorch            |    14 |    63 |   158 |   279 |       |       |       |       |       ||   514
       Frozen Ramparts   |       |       |       |     1 |    13 |       |     1 |       |       ||    15
       Stone Arrow       |       |       |       |   135 |   571 |   549 |   793 |   604 |    91 ||  2743
       Summon Lightning  |       |       |       |       |   137 |   240 |   217 |   202 |    26 ||   822
       Airstrike         |       |       |       |       |    59 |   256 |   139 |   154 |    42 ||   650
       Iskenderun's Myst |       |       |       |       |     1 |       |     4 |    31 |       ||    36
       Mephitic Cloud    |       |       |       |       |     3 |       |       |       |       ||     3
       Swiftness         |       |       |       |       |     3 |       |     2 |     2 |     1 ||     8
       Yara's Violent Un |       |       |       |       |       |    28 |    27 |    30 |     7 ||    92
       Iskenderun's Batt |       |       |       |       |       |    77 |   210 |   186 |    29 ||   502
       Freezing Cloud    |       |       |       |       |       |       |    27 |    36 |     5 ||    68
       Iron Shot         |       |       |       |       |       |       |       |    47 |    27 ||    74
       Sublimation of Bl |       |       |       |       |       |       |       |    15 |     8 ||    23
       Passwall          |       |       |       |       |       |       |       |     1 |       ||     1
       Fireball          |       |       |       |       |       |       |       |   126 |     9 ||   135
       Spellforged Servi |       |       |       |       |       |       |       |       |     4 ||     4
Invok: Fiery Armour      |       |       |       |     5 |     1 |       |     1 |     1 |       ||     8
       Rising Flame      |       |       |       |       |       |     1 |       |       |       ||     1
 Abil: Evoke Blink       |       |       |       |       |       |       |       |       |     1 ||     1
Evoke: Wand              |       |       |    16 |    17 |       |       |       |       |       ||    33
       Lightning rod     |       |       |       |       |       |     1 |       |     1 |       ||     2
       Tin of tremorston |       |       |       |       |       |       |       |     8 |       ||     8
       Condenser vane    |       |       |       |       |       |       |       |     4 |       ||     4
       Box of beasts     |       |       |       |       |       |       |       |     1 |       ||     1
  Use: Scroll            |     5 |     3 |     3 |     7 |    12 |     8 |     8 |    12 |     1 ||    59
       Potion            |       |       |       |     2 |     1 |     3 |     4 |     9 |     3 ||    22
 Stab: Distracted        |     1 |       |       |       |       |     2 |       |     1 |       ||     4
       Sleeping          |       |       |       |       |     1 |       |     1 |       |       ||     2
Armor: Robe              |    16 |    14 |     3 |       |       |       |       |       |       ||    33
       Ring mail         |       |       |    32 |    37 |       |       |       |       |       ||    69
       Steam dragon scal |       |       |       |    67 |       |       |       |       |       ||    67
       Troll leather arm |       |       |       |   148 |   116 |   139 |   205 |   235 |    45 ||   888
       Swamp dragon scal |       |       |       |       |    19 |       |       |       |       ||    19
       Skin              |       |       |       |       |       |       |       |       |     1 ||     1
Dodge: Dodged            |    25 |    31 |    49 |   451 |   237 |   179 |   224 |   258 |    55 ||  1509
Block: Buckler           |     7 |    11 |    22 |   148 |   130 |   158 |       |       |       ||   476
       Reflection        |       |       |       |       |    10 |    46 |    62 |    55 |    14 ||   187
       Kite shield       |       |       |       |       |       |    34 |   431 |   142 |    75 ||   682
       Tower shield      |       |       |       |       |       |       |       |   414 |    39 ||   453
       Other             |       |       |       |       |       |       |       |       |     1 ||     1

Table legend: (Time is in decaauts)
 A = Elapsed time spent in this place.
 B = Non-inter-level travel time spent in this place.
 C = Inter-level travel time spent in this place.
 D = Time resting spent in this place.
 E = Time spent auto-exploring this place.
 F = Levels seen in this place.
 G = Mean time per level.
                   A        B        C        D        E       F      G
               +--------+--------+--------+--------+--------+-----+--------+
         Total | 121159 | 112023 |   9136 |  48130 |  43420 |  52 | 2330.0 |
       Dungeon |  29993 |  27224 |   2769 |   9682 |  13137 |  15 | 1999.5 |
          Lair |  11366 |  10184 |   1182 |   2958 |   5573 |   6 | 1894.3 |
        Shoals |   9024 |   8732 |    292 |   3806 |   3483 |   4 | 2256.0 |
     Snake Pit |  12301 |  11478 |    823 |   5331 |   4340 |   4 | 3075.2 |
  Orcish Mines |   2431 |   2166 |    265 |    806 |    865 |   2 | 1215.5 |
   Elven Halls |   7657 |   7236 |    421 |   3074 |   2644 |   3 | 2552.3 |
        Vaults |  20377 |  18356 |   2021 |   8586 |   6018 |   5 | 4075.4 |
         Crypt |  11217 |  10912 |    305 |   5991 |   2815 |   3 | 3739.0 |
        Depths |  13114 |  12062 |   1052 |   6252 |   4039 |   4 | 3278.5 |
           Zot |   1185 |   1185 |      0 |    720 |    148 |   1 | 1185.0 |
         Abyss |   1302 |   1302 |      0 |    490 |     55 |   2 |  651.0 |
        Bazaar |    101 |    101 |      0 |      0 |     48 |   1 |  101.0 |
    Desolation |    185 |    185 |      0 |     40 |      9 |   1 |  185.0 |
      Gauntlet |    902 |    902 |      0 |    392 |    244 |   1 |  902.0 |
               +--------+--------+--------+--------+--------+-----+--------+

Top non-repeatable levels by time:
 Crypt:3: 5554 daAuts
Vaults:2: 5158 daAuts
Vaults:5: 4635 daAuts
 Snake:4: 4555 daAuts
Depths:4: 4141 daAuts
Vaults:3: 4110 daAuts
Vaults:1: 4081 daAuts
   Elf:3: 3843 daAuts
Depths:2: 3797 daAuts
 Snake:1: 3670 daAuts
 Crypt:1: 3570 daAuts
     D:7: 3317 daAuts
    D:15: 3218 daAuts
Shoals:4: 2960 daAuts
     D:5: 2864 daAuts
